 Dungeon Crawl Stone Soup version 0.27-a0-1158-gaa87e14f67 (webtiles) character file.

Game seed: 483559227295289382

2838 Gorglomux the Slicer (level 9, 0/46 HPs)
             Began as a Vine Stalker Warper on May 15, 2021.
             Was a Believer of Uskayaw.
             Slain by Harold
             ... wielding a +3 halberd of flaming
              (2 damage)
             ... on level 7 of the Dungeon.
             The game lasted 00:13:03 (6855 turns).

Gorglomux the Slicer (Vine Stalker Warper)          Turns: 6855, Time: 00:13:04

Health: 0/46       AC:  8    Str: 16    XL:     9   Next: 74%
Magic:  0/13       EV: 11    Int: 13    God:    Uskayaw [**....]
Gold:   291        SH:  0    Dex: 15    Spells: 12/12 levels left

rFire    + . .     SeeInvis +   o - +0 rapier (speed)
rCold    + . .     Faith    .   (no shield)
rNeg     . . .     Spirit   +   e - +0 chain mail
rPois    .         Reflect  .   (no helmet)
rElec    .         Harm     .   u - scarf {rC+ rF+}
rCorr    .         Rampage  .   (no gloves)
Will     +....                  (no boots)
Stlth    ..........             (no amulet)
HPRegen  1.15/turn              s - ring of see invisible
MPRegen  0.13/turn              i - +4 ring of evasion

@: no status effects
A: fangs 3, regeneration 1, magic shield, antimagic bite, no potion heal 2
a: Renounce Religion, Stomp, Line Pass


You were on level 7 of the Dungeon.
You worshipped Uskayaw.
Uskayaw was noncommittal.
You visited 2 branches of the dungeon, and saw 8 of its levels.
You also visited: Sewer.

You collected 477 gold pieces.
You spent 186 gold pieces at shops.

Inventory:

Hand Weapons
 o - a +0 rapier of speed (weapon)
Missiles
 t - 5 boomerangs
 K - 4 boomerangs of dispersal (quivered)
Armour
 e - a +0 chain mail (worn)
 u - a scarf of resistance (worn)
 v - a +0 helmet
 F - a +0 helmet
Jewellery
 a - a ring of wizardry
 i - a +4 ring of evasion (right hand)
 p - a ring of flight
 s - a ring of see invisible (left hand)
Wands
 A - a wand of acid (10)
 V - a wand of flame (13)
Scrolls
 b - a scroll of enchant armour {unknown}
 d - 2 scrolls of teleportation {unknown}
 f - a scroll of holy word {unknown}
 g - a scroll of enchant weapon {unknown}
 k - a scroll of amnesia {unknown}
 m - a scroll of silence {unknown}
 n - 2 scrolls of fog {unknown}
 q - a scroll of brand weapon {unknown}
 r - 3 scrolls of noise
 w - 2 scrolls of summoning {unknown}
 x - a scroll of torment {unknown}
 B - 2 scrolls of blinking
 D - a scroll of vulnerability {unknown}
 G - a scroll of fear {unknown}
 M - a scroll of magic mapping
 R - 5 scrolls of identify
Potions
 c - 2 potions of ambrosia
 h - 2 potions of mutation
 j - 4 potions of might
 l - 2 potions of brilliance
 y - 2 potions of attraction
 z - 2 potions of lignification
 C - a potion of berserk rage {unknown}
 E - a potion of magic {unknown}
 Q - 3 potions of curing


   Skills:
 + Level 4.8 Fighting
 - Level 10.2 Short Blades
 - Level 0.8 Throwing
 - Level 0.7 Armour
 - Level 1.5 Dodging
 - Level 2.1 Spellcasting
 + Level 5.8 Translocations


You had 12 spell levels left.
You didn't know any spells.
Your spell library contained the following spells:

 Spells                   Type           Power      Damage    Failure   Level
 Blink                    Tloc           N/A        N/A       56%         2
 Gell's Gravitas          Tloc           8%         N/A       80%         3
 Lesser Beckoning         Tloc           8%         N/A       80%         3
 Teleport Other           Tloc           16%        N/A       80%         3
 Beastly Appendage        Tmut           2%         N/A       99%         1
 Magic Dart               Conj           4%         1d3       99%         1
 Searing Ray              Conj           2%         3d3       100%        2
 Wereblood                Tmut           1%         N/A       100%        2
 Dazzling Flash           Conj/Hex       2%         N/A       100%        3
 Spider Form              Tmut/Pois      0%         N/A       100%        3
 Fulminant Prism          Conj/Hex       0%         3d6       100%        4
 Ice Form                 Ice/Tmut       1%         N/A       100%        4
 Iskenderun's Mystic Bla  Conj/Tloc      9%         2d4       100%        4
 Hydra Form               Tmut           0%         N/A       100%        5
 Manifold Assault         Tloc           16%        N/A       100%        5


Dungeon Overview and Level Annotations

Branches:
Dungeon (7/15)             Temple (1/1) D:5           Sewer (visited)

Altars:
Ashenzari
Cheibriados
Elyvilon
Gozag
Hepliaklqana
Kikubaaqudgha
Makhleb
Nemelex Xobeh
Okawaru
Qazlal
Ru
Sif Muna
Trog
Uskayaw
Vehumet
Wu Jian
Xom
Yredelemnul
Zin
The Shining One

Shops:
D:3 *   D:5 ?

Annotations:
D:6 2 transporters
D:7 Harold


Innate Abilities, Weirdness & Mutations

You have razor-sharp teeth.
Your natural rate of healing is unusually fast.
When hurt, damage is shared between your health and your magic reserves.
Your bite disrupts and absorbs the magic of your enemies.
Potions cannot restore your health.


Message History

G - a scroll labelled WOKHUSKONT You now have 291 gold pieces (gained 15).
There is a stone staircase leading up here.
Harold the Weathered comes into view.
He is wielding a +3 halberd of flaming and wearing a +0 scale mail of poison resistance.
Harold shouts!
Press: ? - help, v - describe, . - travel
Here: Harold, wielding a +3 halberd of flaming, wearing a +0 scale mail of poison resistance and quivering 2 throwing nets The floor.
Harold says, "Do you have any idea what people are willing to pay to have you killed, Gorglomux?"
Harold fires a harpoon shot at you. The harpoon shot hits you!
You are yanked forward by the harpoon shot.
Found a scroll labelled VUSATE DUONT and a trident.
You barely miss Harold. You puncture Harold! Your bite misses Harold.
Harold is lightly wounded.
Harold hits you with a +3 halberd of flaming.
Harold burns you.
Your chain mail prevents you from hitting Harold.
You bite Harold.
Harold's magic leaks into the air.
You drain his magic.
You feel invigorated.
Harold is lightly wounded.
You hit Harold but do no damage. You bite Harold.
Harold's magic leaks into the air.
You drain his magic.
Harold is moderately wounded.
Harold hits you with a +3 halberd of flaming!!
Your chain mail prevents you from hitting Harold.
You bite Harold, but do no damage.
Harold is moderately wounded.
Your chain mail prevents you from hitting Harold.
Harold is moderately wounded.
You puncture Harold!
Harold is moderately wounded.
Harold hits you with a +3 halberd of flaming.
Harold burns you.
You can now pass through a line of other dancers.
You hit Harold. Your bite misses Harold.
Harold is moderately wounded.
You hit Harold. Your bite misses Harold.
Harold is heavily wounded.
Harold hits you but does no damage.
You puncture Harold! You bite Harold.
Harold's magic leaks into the air.
You drain his magic.
You feel invigorated.
Harold is severely wounded.
You puncture Harold!
Harold is severely wounded.
Harold hits you with a +3 halberd of flaming!!
* * * LOW HITPOINT WARNING * * *
Harold burns you.
You die...

##...#.#......
##...#####..... #...##
#......< #...# #....###
###..## #.#... ##
###..........#...
###..#........##..##...
#..)...#..##...## #....
#......@.......#
...?..@...#.....
..........# .#..#
########### #####


You could see Harold.

Vanquished Creatures
  A two-headed ogre (D:6)
  Prince Ribbit (D:5)
  Sigmund (D:4)
  Edmund (D:4)
  2 water moccasins (D:5)
  A sky beast (D:5)
  2 ogres
  A centaur (D:6)
  2 bullfrogs (Sewer)
  4 scorpions
  A water moccasin skeleton (D:4)
  2 centaur zombies (D:6)
  10 hounds
  2 bullfrog skeletons
  2 iguanas
  An orc wizard (D:5)
  Robin (D:5)
  A hound skeleton (D:5)
  11 adders
  3 gnolls (D:5)
  A howler monkey skeleton (D:5)
  An adder skeleton (D:4)
  2 worms
  2 dart slugs
  An orc (D:4)
  9 endoplasms
  6 giant cockroaches
  7 hobgoblins
  11 jackals
  9 kobolds
  9 quokkas
  10 ball pythons
  5 bats
  4 frilled lizards
  18 goblins
  8 rats
153 creatures vanquished.

Notes
Turn   | Place    | Note
-------+----------+-------------------------------------------
     0 | D:1      | Gorglomux the Vine Stalker Warper began the quest for the
                  | Orb.
     0 | D:1      | Reached XP level 1. HP: 11/11 MP: 4/4
    95 | D:1      | Reached skill level 2 in Short Blades
   126 | D:1      | Reached XP level 2. HP: 3/15 MP: 3/6
   541 | D:1      | Found a faded altar of an unknown god.
   963 | D:1      | Reached skill level 3 in Short Blades
  1094 | D:1      | Reached XP level 3. HP: 18/18 MP: 7/7
  2209 | D:2      | Gained mutation: Your natural rate of healing is unusually
                  | fast. [Vine Stalker growth]
  2209 | D:2      | Reached XP level 4. HP: 22/23 MP: 8/8
  2534 | D:3      | You fall into a shaft and drop 2 floors!
  2534 | D:5      | Entered Level 5 of the Dungeon
  2545 | D:5      | Reached skill level 4 in Short Blades
  2590 | D:4      | Noticed Robin
  2609 | D:5      | Killed Robin
  2627 | D:5      | Noticed a water moccasin
  2647 | D:4      | Reached XP level 5. HP: 26/26 MP: 9/9
  2679 | D:4      | Reached skill level 5 in Short Blades
  2715 | D:4      | Noticed Sigmund
  2744 | D:4      | Killed Sigmund
  2745 | D:4      | Reached skill level 6 in Short Blades
  2745 | D:4      | Reached XP level 6. HP: 6/30 MP: 2/10
  2869 | D:4      | Found an opulent altar of Gozag.
  2928 | D:4      | Found a glowing drain.
  2955 | Sewer    | Entered a sewer
  3200 | Sewer    | Reached XP level 7. HP: 25/34 MP: 8/11
  3210 | Sewer    | Reached skill level 7 in Short Blades
  3779 | D:3      | Found Ynaonoes's Assorted Antiques.
  3786 | D:3      | Bought a scroll labelled CAOMEA LERR for 27 gold pieces
  3786 | D:3      | Bought a scroll labelled YTATEUSHRYN for 27 gold pieces
  3786 | D:3      | Bought a scroll labelled JOLOFYMERPH for 27 gold pieces
  3786 | D:3      | Bought a scroll labelled YRES KIHENYIBO for 27 gold pieces
  3786 | D:3      | Bought a smoky silvery potion for 24 gold pieces
  3786 | D:3      | Bought a scroll of identify for 54 gold pieces
  3793 | D:3      | Found a basalt altar of Yredelemnul.
  4320 | D:4      | You fall into a shaft and drop 2 floors!
  4323 | D:6      | Identified the ring "Catteal" {Fly Str+2}
  4381 | D:6      | Found a transporter.
  4429 | D:5      | Reached skill level 8 in Short Blades
  4438 | D:5      | Gained mutation: You have razor-sharp teeth. [Vine Stalker
                  | growth]
  4438 | D:5      | Reached XP level 8. HP: 29/38 MP: 10/12
  4649 | D:4      | Noticed Edmund
  4663 | D:4      | Killed Edmund
  4664 | D:4      | Reached skill level 9 in Short Blades
  5330 | D:5      | Reached skill level 10 in Short Blades
  5407 | D:5      | Found Wisufon's Magic Scroll Emporium.
  5445 | D:5      | Noticed Prince Ribbit
  5473 | D:5      | Killed Prince Ribbit
  5474 | D:5      | Reached XP level 9. HP: 28/43 MP: 6/13
  5529 | D:5      | Found a staircase to the Ecumenical Temple.
  5702 | Temple   | Entered the Ecumenical Temple
  5908 | Temple   | Became a worshipper of Uskayaw the Reveller
  6028 | D:5      | Reached * piety under Uskayaw
  6033 | D:5      | Reached ** piety under Uskayaw
  6034 | D:5      | Reached skill level 3 in Fighting
  6503 | D:6      | Reached *** piety under Uskayaw
  6541 | D:6      | Noticed a two-headed ogre
  6551 | D:6      | Killed a two-headed ogre
  6551 | D:6      | Reached **** piety under Uskayaw
  6652 | D:6      | Found a transporter.
  6843 | D:7      | Noticed Harold
  6855 | D:7      | HP: 2/46 [Harold/+3 halberd of flaming (14)]
  6855 | D:7      | Slain by Harold

Illustrated notes

Levels and vault maps discovered:
D:1:      kennysheep_arrival_seaside, layout_loops_cross,
          shapermc_ecumenical_altar_venn, minmay_octomino_c4
D:2:      layout_basic
D:3:      layout_basic, lemuel_round_altar, serial_shops,
          nicolae_shop_statue_plus
D:4:      layout_gridville, grunt_gozag_breadcrumbs, portal_sewer_entry_f,
          chequers_serial_rivers_room_a, uniq_edmund, uniq_robin, uniq_sigmund
D:5:      layout_cave_pods, temple_fountains, serial_shops, shop,
          minmay_misc_feat_roman, minmay_fractal_squares_5, uniq_prince_ribbit1
D:6:      gammafunk_steamed_eel, layout_rooms
D:7:      minmay_recursive_quarters, layout_cave_pools, uniq_harold,
          uniq_duvessa
Temple:   hc_temple_tempest_star

Skill      XL: |  1  2  3  4  5  6  7  8  9 |
---------------+----------------------------+-----
Short Blades   | 2 3 4 6 8 10 | 10.2
Fighting       | 2 4 |  4.8
Translocations | 5 |  5.8
Throwing       | |  0.8
Armour         | |  0.7
Dodging        | |  1.5
Spellcasting   | |  2.1

Action                   |  1- 3 |  4- 6 |  7- 9 || total
-------------------------+-------+-------+-------++-------
Melee: Short sword       |   146 |     1 |       ||   147
       Bite              |    38 |    37 |    88 ||   163
       Rapier            |       |   181 |   330 ||   511
Throw: Boomerang         |     1 |       |       ||     1
Evoke: Wand              |       |       |     1 ||     1
  Use: Potion            |     1 |     1 |       ||     2
       Scroll            |       |     4 |     7 ||    11
 Stab: Paralysed         |       |       |     2 ||     2
Armor: Chain mail        |    90 |    82 |    86 ||   258
Dodge: Dodged            |    38 |    75 |   113 ||   226

Table legend: (Time is in decaauts)
 A = Elapsed time spent in this place.
 B = Non-inter-level travel time spent in this place.
 C = Inter-level travel time spent in this place.
 D = Time resting spent in this place.
 E = Time spent auto-exploring this place.
 F = Levels seen in this place.
 G = Mean time per level.
                   A        B        C        D        E       F      G
               +--------+--------+--------+--------+--------+-----+--------+
         Total |   6708 |   6264 |    444 |    257 |   4873 |   9 |  745.3 |
       Dungeon |   5951 |   5536 |    415 |    257 |   4303 |   7 |  850.1 |
        Temple |    216 |    188 |     28 |      0 |    186 |   1 |  216.0 |
         Sewer |    539 |    539 |      0 |      0 |    384 |   1 |  539.0 |
               +--------+--------+--------+--------+--------+-----+--------+

Top non-repeatable levels by time:
     D:1: 1314 daAuts
     D:5: 1183 daAuts
     D:2: 1097 daAuts
     D:4: 1087 daAuts
     D:3: 783 daAuts
   Sewer: 539 daAuts
     D:6: 446 daAuts
  Temple: 216 daAuts
     D:7: 38 daAuts
